 Dungeon Crawl Stone Soup version 0.28.0-45-g0d030f2227 (webtiles) character file.

Game seed: 5434731961903275143

125 pkoi the Firebug (level 4, -2/33 HPs)
             Began as a Demigod Fire Elementalist on Apr 18, 2022.
             Slain by a scorpion (5 damage)
             ... on level 3 of the Dungeon.
             The game lasted 00:03:46 (5941 turns).

pkoi the Firebug (Demigod Fire Elementalist)        Turns: 5941, Time: 00:03:46

Health: -2/33      AC:  3    Str:  9    XL:     4   Next: 53%
Magic:  2/10       EV: 12    Int: 24    God:
Gold:   143        SH:  0    Dex: 17    Spells: 1/7 levels left

rFire   . . .      SeeInvis .   d - +0 dagger
rCold   . . .      Faith    .   (no shield)
rNeg    + . .      Spirit   .   j - +1 robe of Dyspraxia {Int+3 Dex+3 Archmagi}
rPois   .          Reflect  .   (no helmet)
rElec   .          Harm     .   (no cloak)
rCorr   .          Rampage  .   (no gloves)
Will    .....      Archmagi +   (no boots)
Stlth   ++........              (no amulet)
HPRegen 0.11/turn               k - ring of positive energy
MPRegen 0.12/turn               (no ring)

@: very slightly contaminated
A: high MP 1, forlorn, divine attributes
a: no special abilities


You were on level 3 of the Dungeon.
You visited 1 branch of the dungeon, and saw 4 of its levels.

You collected 143 gold pieces.

Inventory:

Hand Weapons
 d - a +0 dagger (weapon)
Missiles
 g - 4 poisoned darts
Armour
 a - a +0 robe
 j - the +1 robe of Dyspraxia (worn) {Int+3 Dex+3 Archmagi}
   (You found it on level 2 of the Dungeon)

   Int:       It affects your intelligence (+3).
   Dex:       It affects your dexterity (+3).
   Archmagi:  It increases the power of your magical spells.
 m - an orb of energy
Jewellery
 k - a ring of positive energy (left hand)
Wands
 h - a wand of flame (5)
Scrolls
 c - 3 scrolls of teleportation
 e - a scroll of identify
 i - a scroll of vulnerability {unknown}
Potions
 b - a potion of magic
 l - a potion of might {unknown}


   Skills:
 - Level 1.7 Dodging
 - Level 1.7 Stealth
 + Level 2.2 Spellcasting
 * Level 2.7 Conjurations
 + Level 1.0 Hexes
 * Level 3.7 Fire Magic
 + Level 0.1 Evocations


You had one spell level left.
You knew the following spells:

 Your Spells              Type           Power      Damage    Failure   Level
a - Foxfire               Conj/Fire      100%       2x1d9     3%          1
b - Scorch                Fire           62%        2d8       3%          2
c - Inner Flame           Hex/Fire       21%        N/A       13%         3

Your spell library contained the following spells:

 Spells                   Type           Power      Damage    Failure   Level
 Summon Small Mammal      Summ           16%        N/A       12%         1
 Conjure Flame            Conj/Fire      27%        6-21      10%         3
 Summon Guardian Golem    Hex/Summ       7%         N/A       28%         3
 Flame Wave               Conj/Fire      27%        2d7       30%         4
 Call Canine Familiar     Summ           4%         N/A       34%         3


Dungeon Overview and Level Annotations

Branches:
Dungeon (4/15)
 Temple: D:4-7

Shops:
D:1 =


Innate Abilities, Weirdness & Mutations

You have an increased reservoir of magic. (+10% MP)
You shall have no god before yourself.
Your divine heritage dramatically boosts your attributes as you level up.


Message History

You kill the hobgoblin!
The adder bites you.
You feel a surge of power!
Flames lash the adder.
The adder is burned terribly!
You kill the adder!
Your Hexes skill increases to level 1!
You feel a surge of power!
Flames lash the scorpion.
The scorpion is moderately wounded.
The scorpion's fire resistance burns away.
The scorpion stings you.
You are too injured to fight recklessly!
There is a stone staircase leading up here.
The scorpion barely misses you. The scorpion stings you!
* * * LOW HITPOINT WARNING * * *
You climb upwards.
Your magical contamination has completely faded away.
There is a stone staircase leading down here.
Unknown command.
The scorpion is no longer more vulnerable to fire.
The scorpion stings you!
* * * LOW HITPOINT WARNING * * *
The scorpion misses you. The scorpion barely misses you.
The scorpion stings you!
* * * LOW HITPOINT WARNING * * *
You are lethally poisoned!
The scorpion poisons you!
* * * LOW HITPOINT WARNING * * *
You feel very sick.
* * * LOW HITPOINT WARNING * * *
You feel sick.
* * * LOW HITPOINT WARNING * * *
You feel sick.
You feel better. The scorpion stings you.
* * * LOW HITPOINT WARNING * * *
Casting: Scorch (safe; 3% risk of failure)
Confirm with . or Enter, or press ? or * to list all spells.
You feel a surge of power!
You miscast Scorch.
You are very lightly contaminated with residual magic.
Nothing appears to happen.
The scorpion stings you.
You die...

#.#.##.##..###..####
#.#.##.##..#.......# ##
#...##.##..#.#..##.# # .#
#...##.##.......##.### # .#
#...##.#####.###.....### .#
#......##........#.#.##. .####
#...#####.##.##..#...... ....#
#...#####.........##.##.
..#.######......@s...............
..#..................###...##....
..#..............................
#.#....(...................##....
....######...#####...###...##....
....# #........>........######
##### #.).#######.......# #...#
#>##.##.# ######)..# #<##.##.#


You could see a scorpion.

Vanquished Creatures
  An iguana (D:3)
  3 adders
  2 worms (D:2)
  2 dart slugs
  An orc (D:2)
  2 ball pythons
  3 endoplasms
  4 giant cockroaches
  9 hobgoblins
  4 jackals
  5 quokkas
  6 bats
  5 frilled lizards
  7 goblins
  2 kobolds
  2 rats
58 creatures vanquished.

Vanquished Creatures (others)
  73 foxfires
73 creatures vanquished.

Grand Total: 131 creatures vanquished

Notes
Turn   | Place    | Note
-------+----------+-------------------------------------------
     0 | D:1      | pkoi the Demigod Fire Elementalist began the quest for the
                  | Orb.
     0 | D:1      | Reached XP level 1. HP: 14/14 MP: 5/5
    86 | D:1      | Reached skill level 1 in Conjurations
   551 | D:1      | Found Monesiod's Jewellery Shoppe.
   776 | D:1      | Reached skill level 3 in Fire Magic
  1255 | D:1      | Reached XP level 2. HP: 20/20 MP: 4/7
  1258 | D:1      | Learned a level 2 spell: Scorch
  2901 | D:2      | Reached XP level 3. HP: 15/26 MP: 1/8
  3173 | D:1      | Learned a level 3 spell: Inner Flame
  4419 | D:2      | Identified the +1 robe of Dyspraxia {Int+3 Dex+3 Archmagi}
  4978 | D:3      | Reached XP level 4. HP: 33/33 MP: 2/10
  5911 | D:4      | Reached skill level 1 in Hexes
  5941 | D:3      | Slain by a scorpion

Illustrated notes

Levels and vault maps discovered:
D:1:      sevenhm_arrival_forest_fort_large_2, layout_basic, serial_shops,
          nicolae_shop_stone, serial_park_tiny_1, minivault_14
D:2:      layout_basic
D:3:      layout_loops_cross, serial_bayou_pond_d
D:4:      layout_loops_ring, grunt_nemelex_the_gamble

Skill      XL: |  1  2  3  4 |
---------------+-------------+-----
Conjurations   | 1 2 |  2.7
Fire Magic     | 3 |  3.7
Spellcasting   | 2 |  2.2
Hexes          | 1 |  1.0
Dodging        | |  1.7
Stealth        | |  1.7
Evocations     | |  0.1

Action                   |  1- 3 |  4- 6 || total
-------------------------+-------+-------++-------
Melee: Unarmed           |     6 |       ||     6
       Dagger            |    19 |       ||    19
       Punch             |     2 |       ||     2
 Cast: Foxfire           |    43 |     3 ||    46
       Scorch            |    43 |    10 ||    53
  Use: Scroll            |     4 |       ||     4
       Potion            |       |     1 ||     1
Armor: Robe              |     7 |     1 ||     8
Dodge: Dodged            |    31 |     4 ||    35
